AoeStats
← u.rubiomartin

Nomad

503883207Analyzed
4v4 RM · 29d ago on Sep 2, 2026· 47m 21s· 8 players
Game mode
Random Map
Map size
231×231
Population
200
Speed
Normal
Resources
Standard
Victory
Conquest
Starting age
Dark Age
Ending age
Imperial Age
RankedLock teamsTeams togetherTeam positionsShared explorationLock speedFull tech treeHidden civsTurbo modeCheats
Victory
Defeat
🇵🇪 Persians · Peru
811
+13
🇨🇴 Ethiopians · Colombia
741
+16
🇪🇸 Dravidians · Spain
730
+16
🇬🇧 Spanish · United Kingdom
671
+19
🇪🇸 Vietnamese · Spain
789
-18
🇪🇸 Khitans · Spain
778
-18
🇪🇸 Romans · Spain
736
-16
🇪🇸 Teutons · Spain
654
-12
JÄGGERMEISTER |
4:32 Loom
17:09 Feudal Age
18:13 Fishing Lines
20:04 Padded Archer Armor
19:55 Fletching
23:15 Castle Age
21:21 Double-Bit Axe
22:03 Gold Mining
23:30 Stone Mining
24:03 Squires
24:14 Crossbowman
25:41 Gillnets
28:58 Thumb Ring
29:10 Leather Archer Armor
29:31 Ballistics
29:29 Scale Mail Armor
30:36 Bodkin Arrow
31:43 Royal Heirs
34:09 Wheelbarrow
39:45 Imperial Age
37:42 Hand Cart
40:05 Horse Collar
41:05 Ring Archer Armor
40:36 Bracer
40:15 Arbalester
42:35 Chemistry
44:50 Murder Holes
44:30 Elite Shotel Warrior
46:00 Conscription
SGTSanju
12:51 Loom
15:15 Feudal Age
15:38 Fishing Lines
19:32 Castle Age
18:23 Double-Bit Axe
20:35 Gillnets
21:00 Gold Mining
23:12 Pikeman
23:53 Squires
33:43 Padded Archer Armor
33:34 Fletching
36:53 Sanctity
43:28 Wheelbarrow
45:24 Imperial Age
44:07 Stone Mining
45:16 Leather Archer Armor
44:57 Bodkin Arrow
RavenSael
5:25 Loom
15:49 Feudal Age
16:10 Double-Bit Axe
16:08 Fishing Lines
24:44 Castle Age
22:58 Gold Mining
23:29 Forging
23:25 Scale Barding Armor
24:25 Fletching
25:36 Chain Barding Armor
25:52 Iron Casting
25:33 Bloodlines
25:23 Husbandry
25:43 Gillnets
26:34 Horse Collar
28:11 Bow Saw
30:51 Gold Shaft Mining
31:24 Heavy Plow
32:26 Kamandaran
36:33 Imperial Age
35:44 Stone Mining
36:47 Wheelbarrow
35:57 Town Watch
35:55 Crossbowman
36:56 Bodkin Arrow
37:31 Padded Archer Armor
37:34 Scale Mail Armor
41:04 Two-Man Saw
41:21 Thumb Ring
40:49 Light Cavalry
41:03 Sappers
42:08 Hoardings
42:06 Squires
41:52 Arson
42:07 Murder Holes
42:06 Heated Shot
43:12 Caravan
44:32 Stone Shaft Mining
44:30 Medium Warships
43:42 Demolition Ship
44:48 Ballistics
45:37 Chemistry
44:57 Chain Mail Armor
47:02 Blast Furnace
46:38 Plate Barding Armor
45:49 Cavalier
46:44 Citadels
47:30 Heavy Warships
47:43 Crop Rotation
Thermic_Marlin
16:45 Feudal Age
17:10 Double-Bit Axe
17:11 Horse Collar
18:42 Forging
18:38 Scale Barding Armor
19:04 Gold Mining
19:46 Fishing Lines
23:33 Castle Age
24:28 Gillnets
26:50 Iron Casting
26:35 Chain Barding Armor
26:50 Iron Casting
26:35 Chain Barding Armor
27:46 Husbandry
28:00 Bloodlines
35:22 Heavy Plow
38:35 Imperial Age
36:42 Wheelbarrow
35:52 Town Watch
35:53 Loom
38:52 Hand Cart
38:38 Town Patrol
38:44 Town Patrol
40:26 Blast Furnace
40:01 Plate Barding Armor
40:12 Plate Barding Armor
39:27 Cavalier
40:29 Bow Saw
40:51 Paladin
44:04 Sanctity
43:45 Devotion
44:10 Illumination
44:01 Block Printing
43:42 Herbal Medicine
44:22 Theocracy
44:08 Heresy
Powa
15:06 Feudal Age
17:07 Wheelbarrow
17:35 Town Watch
17:35 Loom
18:35 Double-Bit Axe
18:43 Gold Mining
23:23 Forging
27:02 Castle Age
24:52 Horse Collar
26:11 Padded Archer Armor
26:02 Fletching
31:00 Bloodlines
30:51 Husbandry
31:19 Scale Barding Armor
39:27 Hand Cart
39:16 Heavy Plow
39:27 Bow Saw
42:50 Chain Barding Armor
42:50 Leather Archer Armor
42:32 Bodkin Arrow
48:16 Imperial Age
BigBoyLevel
15:15 Feudal Age
16:03 Fishing Lines
16:09 Domestication
18:00 Wheelbarrow
21:45 Castle Age
22:38 Husbandry
39:20 Double-Bit Axe
41:42 Hand Cart
42:48 Scale Barding Armor
42:54 Forging
JJMartin
18:22 Feudal Age
17:52 Loom
18:52 Double-Bit Axe
20:08 Wheelbarrow
20:15 Fishing Lines
20:54 Horse Collar
23:02 Town Watch
23:51 Man-at-Arms
29:14 Forging
29:05 Scale Mail Armor
33:06 Castle Age
35:25 Long Swordsman
36:07 Squires
35:28 Pikeman
40:20 Hand Cart
u.rubiomartin
3:59 Loom
17:59 Feudal Age
19:19 Horse Collar
20:10 Fishing Lines
21:20 Wheelbarrow
20:39 Double-Bit Axe
22:19 Gold Mining
22:21 Stone Mining
22:20 Town Watch
22:46 Arson
24:35 Scale Mail Armor
24:46 Forging
24:44 Scale Barding Armor
31:11 Castle Age
32:10 Bloodlines
32:15 Squires
31:36 Pikeman
33:21 Hand Cart
33:48 Heavy Plow
34:01 Bow Saw
34:38 Stone Shaft Mining
35:07 Chain Mail Armor
35:41 Man-at-Arms
36:06 Gambesons
38:11 Town Patrol
38:55 Iron Casting
38:41 Chain Barding Armor
37:44 Long Swordsman
38:49 Caravan
44:01 Imperial Age
45:17 Crop Rotation
45:52 Two-Man Saw
44:55 Two-Handed Swordsman
46:41 Crenellations
47:50 Plate Mail Armor
48:49 Blast Furnace
Connection lost

Rejoining the realm…

Still unreachable

The connection could not be restored.

Session expired

The server has moved on; the page needs a fresh start.